 Dungeon Crawl Stone Soup version 0.17.0-25-gefc9c12 (webtiles) character file.

231 Medar the Cutter (level 6, -1/38 HPs)
             Began as a Halfling Ice Elementalist on Nov 18, 2015.
             Was a Follower of the Shining One.
             Slain by an orc wizard
             ... wielding a +0 spear
              (4 damage)
             ... on level 4 of the Dungeon.
             The game lasted 00:16:03 (3776 turns).

Medar the Cutter (Halfling Ice Elementalist)        Turns: 3776, Time: 00:16:03

Health: -1/38      AC:  8    Str:  8    XL:     6   Next: 24%
Magic:  6/8        EV: 15    Int: 16    God:    the Shining One [*.....]
Gold:   89         SH:  0    Dex: 15    Spells: 2 memorised, 4 levels left

rFire  . . .     SeeInvis .     a - +1 dagger
rCold  . . .     Clarity  .     m - +0 robe
rNeg   . . .     SustAt   +     (shield restricted)
rPois  .         Gourm    .     (no helmet)
rElec  .         Spirit   .     (no cloak)
rCorr  .         Warding  .     t - +0 pair of gloves
rMut   .         Rnd*Tele +     (no boots)
MR     .....                    (no amulet)
Stlth  +.........               D - ring of teleportation (curse)
                                q - ring of sustain attributes

@: icy armour (expiring), glowing, not resistant to hostile enchantments, very
unstealthy
A: mutation resistance 1
a: Renounce Religion, Evoke Teleportation


You were on level 4 of the Dungeon.
You worshipped the Shining One.
The Shining One was aware of your devotion.
You were not hungry.

You visited 1 branch of the dungeon, and saw 4 of its levels.

You collected 89 gold pieces.

Inventory:

Hand Weapons
 a - a +1 dagger (weapon)
Missiles
 f - 11 tomahawks (quivered)
 v - 12 poisoned needles
 B - 7 needles of sleeping
Armour
 i - a +0 leather armour
 m - a +0 robe (worn)
 t - a +0 pair of gloves (worn)
Jewellery
 q - a ring of sustain attributes (left hand)
 x - an uncursed ring of flight
 D - a cursed ring of teleportation (right hand)
Wands
 s - a wand of digging (22)
 z - a wand of enslavement (6)
Scrolls
 h - a scroll of enchant weapon
 j - 3 scrolls of amnesia
 k - a scroll of identify {@r2}
 r - a scroll of magic mapping {@r3}
Potions
 e - a potion of cancellation
 g - a potion of might
 n - a potion of magic
 p - 2 potions of agility
 u - a potion of poison
Books
 b - a book of Frost

   Spells                             Type                      Level
   a - Freeze                         Ice                          1
   b - Throw Frost                    Conjuration/Ice              2
   c - Ozocubu's Armour               Charms/Ice                   3
   d - Throw Icicle                   Conjuration/Ice              4
   e - Summon Ice Beast               Ice/Summoning                4
   f - Condensation Shield            Ice                          4
Comestibles
 c - 4 bread rations {@e1}
 d - 6 chunks of flesh
 l - 9 fruits {@e3}
 o - 2 meat rations {@e2}


   Skills:
 - Level 1.2 Fighting
 + Level 5.9 Short Blades
 - Level 2.1 Dodging
 - Level 2.1 Stealth
 - Level 1.5 Spellcasting
   Level 0.7 Conjurations
 - Level 2.6 Charms
 - Level 3.1 Ice Magic


You had 4 spell levels left.
You knew the following spells:

 Your Spells              Type           Power        Failure   Level  Hunger
x - Freeze                Ice            ##..         8%          1    ##.....
y - Ozocubu's Armour      Chrm/Ice       ##......     21%         3    ####...


Dungeon Overview and Level Annotations

Branches:
Dungeon (4/15)
 Temple: D:4-7

Altars:
Ashenzari
The Shining One

Annotations:
D:3 Sigmund


Innate Abilities, Weirdness & Mutations

You are small and have problems with some larger weapons.
You are somewhat resistant to further mutation.


Message History

You feel less confused.
A magic dart appears from out of thin air!
The magic dart hits you!
* * * LOW HITPOINT WARNING * * *
Drink which item? (? for menu, Esc to quit)
Okay, then.
Evoke which item? (* to show all) (? for menu, Esc to quit)
Zapping:
z - a wand of enslavement (will waste charges)
Press: ? - help, Shift-Dir - straight line Nothing appears to happen.
Evoking this partially-identified wand wasted a few charges.
Something hits you.
* * * LOW HITPOINT WARNING * * *
Evoke which item? (* to show all) (? for menu, Esc to quit)
Zapping:
z - a wand of enslavement {zapped: 3} (will waste charges)
Press: ? - help, Shift-Dir - straight line Nothing appears to happen.
Evoking this partially-identified wand wasted a few charges.
Something hits you.
You die...

#................##......
#............<...##......
#................##......
####.......................
+.........................#
##............##.........#
#............##..........
#..).........##>.........
#...†.{.@....##....##....
#............##....##....
...............##....##....
......############....##....
......#........###....##....
......#.....................
......#.....................
#.....................
#.....................


There were no monsters in sight!

Vanquished Creatures
  A scorpion (D:4)
  An orc priest (D:4)
  An iguana (D:4)
  A worker ant (D:4)
  3 adders
  A worm (D:3)
  2 adder skeletons (D:4)
  4 giant geckos (D:4)
  2 orcs (D:4)
  A ball python (D:3)
  13 hobgoblins
  6 jackals
  2 quokkas
  A ball python skeleton (D:4)
  7 bats
  4 giant cockroaches
  A giant gecko skeleton (D:4)
  4 giant newts
  2 goblins
  5 kobolds
  4 rats
66 creatures vanquished.

Notes
Turn   | Place    | Note
--------------------------------------------------------------
     0 | D:1      | Medar the Halfling Ice Elementalist began the quest for the Orb.
     0 | D:1      | Reached XP level 1. HP: 11/11 MP: 3/3
   216 | D:1      | Reached skill level 1 in Fighting
   380 | D:1      | Reached XP level 2. HP: 18/18 MP: 2/4
   920 | D:1      | Reached skill level 1 in Short Blades
   998 | D:2      | Reached XP level 3. HP: 23/23 MP: 5/5
  1099 | D:2      | Learned a level 3 spell: Ozocubu's Armour
  1801 | D:3      | Reached skill level 1 in Charms
  1808 | D:3      | Found a faded altar to an unknown god.
  1965 | D:3      | Reached XP level 4. HP: 20/28 MP: 2/6
  2060 | D:3      | Became a worshipper of the Shining One
  2060 | D:3      | Reached * piety under the Shining One
  2163 | D:3      | Found a shattered altar of Ashenzari.
  2417 | D:3      | Noticed Sigmund
  2916 | D:4      | Reached XP level 5. HP: 7/33 MP: 4/7
  2946 | D:4      | Noticed a phantom
  3152 | D:3      | Reached skill level 4 in Short Blades
  3573 | D:4      | Reached skill level 5 in Short Blades
  3573 | D:4      | Reached XP level 6. HP: 38/38 MP: 8/8
  3776 | D:4      | Slain by an orc wizard

Action                   |  1- 3 |  4- 6 || total
-------------------------+-------+-------++-------
Melee: Unarmed           |     1 |       ||     1
       Dagger            |    25 |    87 ||   112
Throw: Tomahawk          |     5 |     1 ||     6
 Cast: Freeze            |    50 |    49 ||    99
       Ozocubu's Armour  |     2 |     2 ||     4
Evoke: Wand              |       |     3 ||     3
  Use: Scroll            |     1 |    11 ||    12
       Potion            |       |     4 ||     4
 Stab: Sleeping          |     1 |       ||     1
  Eat: Chunk             |     5 |     6 ||    11
       Beef jerky        |       |     1 ||     1
